 Dungeon Crawl Stone Soup version 0.23.2-1-ga50397a (webtiles) character file.

Game seed: 4408799751195657291

91 schauveau the Shooter (level 4, -2/38 HPs)
             Began as a Centaur Hunter on Apr 25, 2019.
             Killed from afar by Blork the orc (5 damage)
             ... with a puff of frost
             ... on level 4 of the Dungeon.
             The game lasted 00:02:42 (1793 turns).

schauveau the Shooter (Centaur Hunter)              Turns: 1793, Time: 00:02:42

Health: -2/38      AC:  4    Str: 15    XL:     4   Next: 34%
Magic:  4/4        EV:  9    Int: 10    God:
Gold:   154        SH:  0    Dex: 10    Spells: 3/3 levels left

rFire    . . .     SeeInvis .   a - +1 shortbow
rCold    . . .     Gourm    .   (shield currently unavailable)
rNeg     . . .     Faith    .   c - +0 leather armour
rPois    .         Spirit   .   (no helmet)
rElec    .         Reflect  .   (no cloak)
rCorr    .         Harm     .   (no gloves)
MR       .....                  (no barding)
Stlth    +.........             (no amulet)
HPRegen  0.12/turn              (no ring)
MPRegen  0.09/turn              (no ring)

@: very quick
A: large, hooves 3, deformed body, speed 2, tough skin 3
a: no special abilities


You were on level 4 of the Dungeon.
You were not hungry.

You visited 1 branch of the dungeon, and saw 4 of its levels.

You collected 154 gold pieces.

Inventory:

Hand Weapons
 a - a +1 shortbow (weapon)
 b - a +0 short sword
Missiles
 d - 75 arrows (quivered)
 l - 60 stones
Armour
 c - a +0 leather armour (worn)
Jewellery
 n - an uncursed ring of magical power {unknown}
 q - an uncursed amulet of harm {unknown}
Scrolls
 e - a scroll of random uselessness {unknown}
 g - a scroll of remove curse {unknown}
 i - 4 scrolls of identify {unknown}
 j - 3 scrolls of teleportation {unknown}
 m - a scroll of fear {unknown}
 r - a scroll of immolation {unknown}
Potions
 f - a potion of resistance {unknown}
 h - a potion of agility {unknown}
 k - a potion of degeneration {unknown}
 p - a potion of invisibility {unknown}


   Skills:
 + Level 3.0 Fighting
 * Level 7.1 Bows
 - Level 1.3 Dodging
 - Level 0.4 Stealth


You had 3 spell levels left.
You didn't know any spells.
Your spell library was empty.

Dungeon Overview and Level Annotations

Branches:
Dungeon (4/15)
 Temple: D:4-7

Altars:
Xom

Annotations:
D:4 Blork the orc


Innate Abilities, Weirdness & Mutations

You have hooves in place of feet.
Armour fits poorly on your strangely shaped body.
You cover ground very quickly.
You have extremely tough skin. (AC +3)


Message History

Firing (i - inventory. (/) - cycle)
d - 77 arrows (quivered)
Press: ? - help, Shift-Dir - straight line, f/p - Blork the orc
Aim: Blork the orc, wielding a +0 war axe and wearing a +0 robe (severely wounded, fast)
You shoot an arrow. The arrow closely misses Blork the orc.
Blork the orc hits you with a +0 war axe.
* * * LOW HITPOINT WARNING * * *
Blork the orc hits you with a +0 war axe.
* * * LOW HITPOINT WARNING * * *
Firing (i - inventory. (/) - cycle)
d - 76 arrows (quivered)
Press: ? - help, Shift-Dir - straight line, f/p - Blork the orc
Aim: Blork the orc, wielding a +0 war axe and wearing a +0 robe (severely wounded, fast)
You shoot an arrow. The arrow hits Blork the orc.
Blork the orc is almost dead.
Blork the orc gestures at you while chanting.
The puff of flame hits you.
* * * LOW HITPOINT WARNING * * *
Blork the orc begins to cast a cantrip, but forgets the words!
Blork the orc gestures at you while chanting.
The puff of frost hits you.
You die...

#..##.# #.... ......
#..##.# .... ......
######..##.########......
..<.......[รท<............
######..#########..(.....
#...................
#..)....(...........
#.............##..#.
#.######@#.......... #.
#.#.......... #.
##.#.#..##.##. #.
#.o..........
##.#.#....... #(#o#.###.#
#.#.#.# ... #(#.#.. ..
#.#.# #


You could see Blork the orc.

Vanquished Creatures
  An orc priest (D:3)
  2 adders (D:3)
  An ooze (D:1)
  A worm (D:2)
  A dart slug (D:3)
  A leopard gecko (D:3)
  3 orcs
  A ball python (D:3)
  A bat (D:3)
  A giant cockroach (D:3)
  A hobgoblin (D:1)
  4 jackals (D:4)
  3 kobolds (D:3)
  3 frilled lizards
  2 goblins
  A quokka skeleton (D:3)
  4 rats (D:3)
31 creatures vanquished.

Notes
Turn   | Place    | Note
-------+----------+-------------------------------------------
     0 | D:1      | schauveau the Centaur Hunter began the quest for the Orb.
     0 | D:1      | Reached XP level 1. HP: 17/17 MP: 1/1
   132 | D:2      | Reached XP level 2. HP: 11/24 MP: 2/2
   213 | D:3      | Reached skill level 6 in Bows
   525 | D:3      | Reached XP level 3. HP: 25/30 MP: 3/3
   830 | D:4      | Noticed Blork the orc
   854 | D:3      | Reached XP level 4. HP: 19/38 MP: 4/4
  1239 | D:3      | Found a shimmering altar of Xom.
  1356 | D:3      | Reached skill level 7 in Bows
  1793 | D:4      | Killed from afar by Blork the orc

Skill      XL: |  1  2  3  4 |
---------------+-------------+-----
Bows           | 6 7 |  7.1
Fighting       | 3 |  3.0
Dodging        | |  1.3
Stealth        | |  0.4

Action                   |  1- 3 |  4- 6 || total
-------------------------+-------+-------++-------
Melee: Short sword       |    53 |    19 ||    72
       Kick              |     8 |     2 ||    10
       Shortbow          |       |     2 ||     2
 Fire: Shortbow          |    26 |    31 ||    57
  Eat: Ration            |       |     1 ||     1
       Chunk             |       |     1 ||     1
Armor: Leather armour    |    33 |    15 ||    48
Dodge: Dodged            |    23 |    14 ||    37
